 Dungeon Crawl Stone Soup version 0.31.0-12-g77e489cdc1 (webtiles) character file.

Game seed: 3476769926877424923

7611 Heoruswealwe the Eclecticist (level 10, -11/46 (50) HPs)
             Began as a Deep Elf Conjurer on Feb 12, 2024.
             Was a Believer of Vehumet.
             Mangled by a spectral orc warlord
             ... wielding a +0 great sword
             ... summoned by Nergalle
              (14 damage)
             ... on level 10 of the Dungeon.
             The game lasted 02:05:23 (14651 turns).

Heoruswealwe the Eclecticist (Deep Elf Conjurer)   Turns: 14651, Time: 02:05:24

HP:   -11/46 (50)   AC:  8    Str:  4    XL:     10   Next: 98%
MP:   22/31         EV: 17    Int: 28    God:    Vehumet [**....]
Gold: 554           SH:  5    Dex: 13    Spells: 24/40 levels left

rFire   . . .        b - staff of conjuration
rCold   . . .        (no shield)
rNeg    . . .        c - +0 robe
rPois   .            g - +1 helmet
rElec   .            h - +0 cloak
rCorr   +            (no gloves)
SInv    +            e - +2 pair of boots "Tein" {rCorr}
Will    +....        i - amulet of reflection
Stlth   ++           k - ring of see invisible
HPRegen 0.27/turn    j - +5 ring of evasion
MPRegen 0.22/turn

%: reflection
@: drained
A: no striking features
a: Renounce Religion


You were on level 10 of the Dungeon.
You worshipped Vehumet.
Vehumet was pleased with you.
You visited 2 branches of the dungeon, and saw 11 of its levels.

You collected 554 gold pieces.

Inventory:

Hand Weapons
 a - a +2 rapier of venom
 E - a +0 war axe
Armour
 c - a +0 robe (worn)
 e - the +2 pair of boots "Tein" (worn) {rCorr}
   (You found it on level 7 of the Dungeon)

   rCorr:     It protects you from acid and corrosion.
 g - a +1 helmet (worn)
 h - a +0 cloak (worn)
Magical Staves
 b - a staff of conjuration (weapon)
 r - a staff of alchemy
Jewellery
 i - an amulet of reflection (around neck)
 j - a +5 ring of evasion (right hand)
 k - a ring of see invisible (left hand)
 G - a ring of flight
Talismans
 n - the storm talisman "Ofuysuvio" {Will- MP+9 Dex+4}
   (You found it on level 9 of the Dungeon)

   [storm talisman]

   Dex+4:     It affects your dexterity (+4).
   Will-:     It decreases your willpower.
   MP+9:      It affects your magic capacity (+9).
Wands
 q - a wand of iceblast (5)
Scrolls
 d - 4 scrolls of teleportation
 f - 2 scrolls of fear
 o - 4 scrolls of revelation
 p - a scroll of enchant armour
 F - a scroll of brand weapon
Potions
 l - 2 potions of mutation
 m - a potion of curing
 s - 2 potions of enlightenment {unknown}
 w - 2 potions of magic
 A - a potion of heal wounds {unknown}
 I - a potion of haste {unknown}
 J - a potion of attraction {unknown}


   Skills:
 - Level 2.4 Dodging
 - Level 2.4 Stealth
 + Level 15.5 Spellcasting
 + Level 13.7 Conjurations


You had 24 spell levels left.
You knew the following spells:

 Your Spells              Type           Power      Damage    Failure   Level
a - Magic Dart            Conj           100%       1d8       0%          1
b - Sting                 Conj/Alch      100%       1d9       1%          1
c - Shock                 Conj/Air       100%       1d9       1%          1
d - Searing Ray           Conj           100%       2d8       0%          2
e - Fulminant Prism       Conj/Alch      37%        3d17      1%          4
f - Iskenderun's Mystic   Conj/Tloc      74%        2d15      1%          4
z - Passwall              Erth           21%        N/A       7%          3

Your spell library contained the following spells:

 Spells                   Type           Power      Damage    Failure   Level
 Mercury Vapours          Alch/Air       42%        N/A       3%          2
 Apportation              Tloc           42%        N/A       2%          1
 Necrotise                Necr           84%        1d8       2%          1
 Summon Small Mammal      Summ           84%        N/A       2%          1
 Ensorcelled Hibernation  Hex/Ice        42%        N/A       3%          2
 Swiftness                Air            21%        N/A       7%          3


Dungeon Overview and Level Annotations

Branches:
Dungeon (10/15)            Temple (1/1) D:5            Lair (0/5) D:8
    Orc: D:9-12

Altars:
Ashenzari
Cheibriados
Dithmenos
Elyvilon
Fedhas
Gozag
Hepliaklqana
Kikubaaqudgha
Makhleb
Nemelex Xobeh
Okawaru
Qazlal
Ru
Sif Muna
Trog
Uskayaw
Vehumet
Wu Jian
Xom
Yredelemnul
Zin
The Shining One

Shops:
D:3 [   D:10 :(

Annotations:
D:10 Nergalle


Message History

The wolf is knocked back by the mystic blast.
The wolf collides with the spectral orc warrior!
The spectral orc warrior is severely damaged.
The wolf is severely wounded.
Nergalle gestures at you while chanting.
Orcish apparitions take form around you.
Nergalle grimaces horribly.
The spectral orc closely misses you.
Casting: Iskenderun's Mystic Blast (dangerous; 1% risk of failure)
Confirm with . or Enter, or press ? or * to list all spells.
You feel a surge of power!
You erupt in a blast of force!
The mystic blast hits the wolf!
You kill the wolf!
Vehumet accepts your kill.
You feel your power returning.
The mystic blast hits the spectral orc!
You destroy the spectral orc!
The spectral orc disappears in a puff of smoke!
Casting: Iskenderun's Mystic Blast (dangerous; 1% risk of failure)
Confirm with . or Enter, or press ? or * to list all spells.
You feel a surge of power!
You erupt in a blast of force!
The mystic blast hits the spectral orc warlord!!
The spectral orc warlord is heavily damaged.
The spectral orc warlord is knocked back by the mystic blast.
Nergalle blows her nose.
Nergalle casts a spell at the spectral orc warlord.
The spectral orc warlord seems to speed up.
The spectral orc warlord hits you with a +0 great sword!
You feel drained.
You block the spectral orc warlord's attack.
The spectral orc warlord attacks as it pursues you!
The spectral orc warlord hits you with a +0 great sword!
* * * LOW HITPOINT WARNING * * *
You feel drained.
* * * LOW HITPOINT WARNING * * *
Okay, then.
As you read the scroll of fear, it crumbles to dust.
You assume a fearsome visage.
The spectral orc warlord is unaffected.
The spectral orc warrior is unaffected.
Nergalle looks frightened!
The spectral orc warlord hits you with a +0 great sword!
You die...

#.# #..................... #.#
#..............>...... #.#
#..................... #.#
#..................... #.#
#....)................ #.#
#.........o.>....).... #.#
#....................)
###.########.....................
........))))....@ZZ...†...P......
#######################.#..∩P...#
#...P.P..## ###.....## #######


You could see Nergalle (fleeing), a spectral orc warrior (summoned) and a
spectral orc warlord (summoned, fast).

Vanquished Creatures
  The ghost of Marvel the Cudgeller, a novice TrBe of Trog (D:4)
  A komodo dragon (D:8)
  A troll (D:10)
  A polar bear (D:9)
  Sigmund (D:5)
  6 wyverns
  4 yaks (D:9)
  Eustachio (D:5)
  3 vampire mosquitoes (D:10)
  A steam dragon (D:8)
  Menkaure (D:4)
  An acid dragon (D:8)
  A swamp drake (D:8)
  2 orc warriors
  A sky beast (D:6)
  3 black bears
  6 ice beasts
  2 ogres
  2 wolves
  3 centaurs
  2 phantoms (D:5)
  Blork the orc (D:5)
  A bullfrog (D:9)
  3 kobold brigands
  2 gnoll sergeants
  A scorpion (D:5)
  4 wights (D:8)
  A hornet simulacrum (D:9)
  3 howler monkeys
  A bombardier beetle (D:5)
  10 hounds
  4 jellies
  A gnoll bouda (D:8)
  An orc priest (D:8)
  Crazy Yiuf (D:4)
  6 iguanas
  7 orc wizards
  A centaur simulacrum (D:9)
  A mummy (D:4)
  14 gnolls
  14 adders
  5 white imps
  2 ufetubi (D:5)
  A dart slug (D:5)
  2 ribbon worms (D:2)
  41 orcs
  15 endoplasms
  4 giant cockroaches
  5 goblins
  5 hobgoblins
  5 jackals
  2 quokkas
  12 ball pythons
  3 bats
  5 frilled lizards
  A hobgoblin zombie (D:4)
  24 kobolds
  2 kobold zombies (D:4)
  An orc zombie (D:4)
  6 rats
  2 butterflies (D:2)
264 creatures vanquished.

Vanquished Creatures (others)
  A fulminant prism (D:9)
1 creature vanquished.

Grand Total: 265 creatures vanquished

Notes
Turn   | Place    | Note
-------+----------+-------------------------------------------
     0 | D:1      | Heoruswealwe the Deep Elf Conjurer began the quest for the
                  | Orb.
     0 | D:1      | Reached XP level 1. HP: 10/10 MP: 6/6
   126 | D:1      | Found a faded altar of an unknown god.
   433 | D:1      | Reached XP level 2. HP: 15/15 MP: 4/8
   437 | D:1      | Learned a level 2 spell: Searing Ray
   765 | D:2      | Reached skill level 4 in Spellcasting
   872 | D:2      | Reached skill level 5 in Conjurations
   872 | D:2      | Reached XP level 3. HP: 19/19 MP: 0/10
  1929 | D:3      | Reached XP level 4. HP: 24/24 MP: 7/12
  1934 | D:3      | Learned a level 4 spell: Fulminant Prism
  1939 | D:3      | Learned a level 4 spell: Iskenderun's Mystic Blast
  2018 | D:3      | Reached skill level 5 in Spellcasting
  2090 | D:3      | Found Viantaj's Armour Boutique.
  2230 | D:3      | Reached XP level 5. HP: 28/28 MP: 10/14
  2544 | D:3      | Found an ancient bone altar of Kikubaaqudgha.
  2544 | D:3      | Found a white marble altar of Elyvilon.
  2544 | D:3      | Found a glowing silver altar of Zin.
  2544 | D:3      | Found a sparkling altar of Nemelex Xobeh.
  2544 | D:3      | Found a shimmering altar of Xom.
  2544 | D:3      | Found a glowing golden altar of the Shining One.
  2673 | D:3      | Reached skill level 6 in Spellcasting
  2892 | D:3      | Learned a level 1 spell: Sting
  3196 | D:4      | Reached XP level 6. HP: 14/32 MP: 5/17
  3747 | D:4      | Reached skill level 7 in Spellcasting
  3864 | D:4      | Found a runed translucent door.
  3864 | D:4      | Noticed Marvel's ghost (novice TrBe)
  4008 | D:4      | Noticed Menkaure
  4024 | D:4      | Killed Menkaure
  4025 | D:4      | Reached XP level 7. HP: 8/36 MP: 15/20
  4258 | D:4      | Found a runed translucent door.
  4259 | D:4      | Noticed Crazy Yiuf
  4265 | D:4      | Killed Crazy Yiuf
  4626 | D:4      | Killed Marvel's ghost
  4627 | D:4      | Reached skill level 9 in Spellcasting
  4791 | D:5      | Entered Level 5 of the Dungeon
  4802 | D:5      | Reached XP level 8. HP: 37/41 MP: 16/23
  4999 | D:5      | Reached skill level 10 in Spellcasting
  5102 | D:5      | Noticed Blork the orc
  5149 | D:5      | Found a staircase to the Ecumenical Temple.
  5158 | Temple   | Entered the Ecumenical Temple
  5167 | Temple   | Became a worshipper of Vehumet
  5198 | D:5      | Killed Blork the orc
  5447 | D:5      | Noticed Sigmund
  5452 | D:5      | Killed Sigmund
  5654 | D:5      | Reached skill level 11 in Spellcasting
  5654 | D:5      | Reached skill level 10 in Conjurations
  5786 | D:5      | Noticed Eustachio
  5793 | D:5      | Reached XP level 9. HP: 23/45 MP: 10/26
  5797 | D:5      | Killed Eustachio
  6458 | D:6      | Reached * piety under Vehumet
  6458 | D:6      | Offered knowledge of Shock by Vehumet.
  6470 | D:6      | Learned a level 1 spell: Shock
  6954 | D:6      | Reached skill level 12 in Spellcasting
  7071 | D:5      | You fall into a shaft and drop 2 floors!
  7077 | D:7      | Identified the +2 pair of boots "Tein" {rCorr}
  7236 | D:7      | Found an ancient bone altar of Kikubaaqudgha.
  7257 | D:7      | Found a bloodstained altar of Trog.
  7257 | D:7      | Found an ornate altar of the Wu Jian Council.
  8521 | D:7      | You fall into a shaft and drop 3 floors!
  8521 | D:10     | Entered Level 10 of the Dungeon
  8634 | D:8      | Learned a level 3 spell: Passwall
  8751 | D:8      | Reached ** piety under Vehumet
  8751 | D:8      | Offered knowledge of Mercury Vapours by Vehumet.
  8877 | D:8      | Reached skill level 13 in Spellcasting
 12019 | D:8      | Reached XP level 10. HP: 50/50 MP: 13/29
 12366 | D:8      | Reached skill level 14 in Spellcasting
 12519 | D:8      | Found a staircase to the Lair.
 12723 | D:9      | Found an opulent altar of Gozag.
 12935 | D:9      | Identified the storm talisman "Ofuysuvio" {Will- MP+9
                  | Dex+4}
 13484 | D:9      | Found a snail-covered altar of Cheibriados.
 13920 | D:9      | Reached skill level 15 in Spellcasting
 14296 | D:10     | Found Liray's Book Emporium.
 14625 | D:10     | Found Ytim's Antique Weapon Shoppe.
 14633 | D:10     | Noticed Nergalle
 14642 | D:10     | Noticed a spectral orc warlord
 14651 | D:10     | Mangled by a spectral orc warlord

Illustrated notes

Levels and vault maps discovered:
D:1:      matt_arrival_los_fun, layout_basic, basic_ecumenical_altar,
          dreamdust_princess_corridor
D:2:      layout_basic, serial_aquarium, aquarium_bridge_square
          [aquarium_subvault_balcony, aquarium_subvault_window,
          aquarium_subvault_bridge, aquarium_subvault_balcony],
          aquarium_window_fake, aquarium_window_corridor_2,
          aquarium_window_corner, aquarium_view_2b, aquarium_view_2d
D:3:      cheibrodos_fertilizer, layout_loops_ring, serial_shops,
          nicolae_diamond_shop, minmay_snake_closets
D:4:      layout_loops_corners, ebering_ghost_inner_flame, minmay_mini_ossuary,
          uniq_crazy_yiuf_cottage, uniq_menkaure
D:5:      corexii_shantytown, layout_basic, minmay_temple_entry_purple_smoke,
          uniq_blork_the_orc, uniq_sigmund, uniq_eustachio
D:6:      layout_basic, moated_statue
D:7:      layout_basic, minitemple, nicolae_kikubaaqudgha_miasma_corner,
          nicolae_underground_beach
D:8:      layout_rooms, erik_lair_dragon
D:9:      layout_loops_ring, mainiacjoe_overflow_brackets,
          lemuel_coloured_pillars_altar, serial_ice, serial_ice_b, serial_ice_a,
          serial_ice_e, serial_ice_f, serial_ice_o, serial_ice_d
D:10:     layout_small_grid, serial_shops, nicolae_shop_overgrown_old_shop,
          shop, uniq_nergalle, uniq_grum
Temple:   nicolae_temple_bog_church

Skill      XL: |  1  2  3  4  5  6  7  8  9 10 |
---------------+-------------------------------+-----
Spellcasting   | 4 5 6 7 9 11 13 15 | 15.5
Conjurations   | 5 6 7 8 10 12 13 | 13.7
Dodging        | |  2.4
Stealth        | |  2.4

Action                     |  1- 3 |  4- 6 |  7- 9 | 10-12 || total
---------------------------+-------+-------+-------+-------++-------
  Melee: Unarmed           |    19 |    20 |       |       ||    39
         Punch             |     1 |       |    68 |       ||    69
         War axe           |       |       |  2048 |       ||  2048
         Rapier            |       |       |    22 |     1 ||    23
         Staff             |       |       |       |     1 ||     1
   Cast: Magic Dart        |    60 |    91 |   177 |    73 ||   401
         Searing Ray       |     5 |    16 |    42 |    21 ||    84
         Sting             |       |     2 |     2 |       ||     4
         Iskenderun's Myst |       |       |    16 |    35 ||    51
         Passwall          |       |       |    12 |       ||    12
         Fulminant Prism   |       |       |       |     1 ||     1
    Use: Scroll            |     5 |     3 |     6 |     1 ||    15
 Armour: Robe              |     6 |    15 |    61 |    33 ||   115
         Skin              |       |       |       |     1 ||     1
  Dodge: Dodged            |    19 |    42 |   112 |    29 ||   202
  Block: Other             |       |       |       |     3 ||     3
         Reflection        |       |       |       |     1 ||     1
